 Dungeon Crawl Stone Soup version 0.29.1-2-gbd0b4ee654 (webtiles) character file.

Game seed: 3389489721656332985

118 GigaChad the Covered (level 4, 0/41 HPs)
             Began as a Minotaur Fighter on Nov 22, 2022.
             Was a Believer of Sif Muna.
             Slain by Eustachio
             ... wielding a +0 rapier
              (6 damage)
             ... on level 4 of the Dungeon.
             The game lasted 00:07:10 (2410 turns).

GigaChad the Covered (Minotaur Fighter)             Turns: 2410, Time: 00:07:13

Health: 0/41       AC:  7    Str: 22    XL:     4   Next: 72%
Magic:  3/3        EV:  9    Int:  5    God:    Sif Muna [**....]
Gold:   193        SH:  4    Dex: 10    Spells: 3/3 levels left

rFire   . . .      SeeInvis .   a - +0 war axe
rCold   . . .      Faith    .   c - +0 buckler
rNeg    . . .      Spirit   .   b - +0 scale mail
rPois   .          Reflect  .   (helmet restricted)
rElec   .          Harm     .   (no cloak)
rCorr   .          Rampage  .   (no gloves)
Will    .....                   (no boots)
Stlth   ..........              g - amulet of regeneration
HPRegen 0.93/turn               (no ring)
MPRegen 0.08/turn               (no ring)

@: no status effects
A: horns 2, retaliatory headbutt
a: Renounce Religion, Channel Magic


You were on level 4 of the Dungeon.
You worshipped Sif Muna.
Sif Muna was pleased with you.
You visited 1 branch of the dungeon, and saw 4 of its levels.

You collected 193 gold pieces.

Inventory:

Hand Weapons
 a - a +0 war axe (weapon)
Missiles
 n - 4 datura-tipped darts (quivered)
Armour
 b - a +0 scale mail (worn)
 c - a +0 buckler (worn)
Jewellery
 g - an amulet of regeneration (around neck)
Scrolls
 e - a scroll of enchant armour {unknown}
 j - 2 scrolls of magic mapping {unknown}
 k - 2 scrolls of identify
 m - a scroll of fog {unknown}
Potions
 d - a potion of might
 f - a potion of degeneration
 h - a potion of cancellation {unknown}
 i - 3 potions of attraction {unknown}
 l - 2 potions of curing {unknown}


   Skills:
 + Level 4.5 Fighting
 + Level 4.1 Axes
 + Level 4.5 Armour
 + Level 4.2 Shields


You had 3 spell levels left.
You didn't know any spells.
Your spell library contained the following spells:

 Spells                   Type           Power      Damage    Failure   Level
 Apportation              Tloc           0%         N/A       87%         1
 Necrotise                Necr           0%         1d4       87%         1
 Summon Small Mammal      Summ           0%         N/A       87%         1


Dungeon Overview and Level Annotations

Branches:
Dungeon (4/15)
 Temple: D:4-7

Altars:
Gozag
Sif Muna

Annotations:
D:4 Eustachio


Innate Abilities, Weirdness & Mutations

You have a pair of horns on your head.
You reflexively headbutt those who attack you in melee.


Message History

You barely miss the crimson imp. Eustachio hits you with a +0 rapier.
* * * LOW HITPOINT WARNING * * *
The crimson imp misses you.
You miss Eustachio.
Eustachio is almost dead.
You barely miss the crimson imp.
Eustachio says, "Summoning is fun!"
Eustachio barely misses you. You block the crimson imp's attack.
You closely miss Eustachio.
Eustachio is almost dead.
You hit the crimson imp.
You kill the crimson imp!
The crimson imp disappears in a puff of smoke!
Eustachio casts a spell.
Eustachio blinks!
Eustachio hits you but does no damage.
You barely miss Eustachio. Your headbutt misses Eustachio.
Eustachio is almost dead.
You hit the river rat but do no damage. The river rat barely misses you.
Eustachio barely misses you.
You barely miss Eustachio.
Eustachio is almost dead.
You closely miss the river rat. The river rat barely misses you.
Eustachio hits you with a +0 rapier.
* * * LOW HITPOINT WARNING * * *
The river rat bites you but does no damage.
Eustachio mumbles some strange words.
Eustachio blinks!
You barely miss Eustachio.
Eustachio is almost dead.
You closely miss the river rat. The river rat barely misses you.
Eustachio hits you with a +0 rapier.
* * * LOW HITPOINT WARNING * * *
You miss Eustachio.
Eustachio is almost dead.
You hit the river rat.
The white imp disappears in a puff of smoke!
The river rat bites you.
* * * LOW HITPOINT WARNING * * *
Eustachio hits you with a +0 rapier.
You die...

###### #.....
#.....
#.....######
#.......)ยง.#
#......###5#####
#......# #rr@@.#
#......#######'##
#.....###.......#
#..... #.......#
###.## #.......#
#@ #.......#
#.......#
######.## #.#


You could see Eustachio, a river rat (summoned), a white imp (summoned) and a
quokka (summoned).

Vanquished Creatures
  An adder (D:3)
  2 river rats (D:3)
  2 worms (D:3)
  2 dart slugs
  An orc (D:3)
  5 endoplasms
  4 giant cockroaches
  10 goblins
  5 hobgoblins
  3 jackals (D:3)
  5 quokkas
  10 ball pythons
  7 bats
  4 frilled lizards
  7 kobolds
  10 rats
78 creatures vanquished.

Notes
Turn   | Place    | Note
-------+----------+-------------------------------------------
     0 | D:1      | GigaChad the Minotaur Fighter began the quest for the Orb.
     0 | D:1      | Reached XP level 1. HP: 19/19 MP: 0/0
   181 | D:1      | Reached XP level 2. HP: 16/27 MP: 1/1
   881 | D:1      | Found a faded altar of an unknown god.
   890 | D:1      | Prayed at the altar of an unknown god.
   890 | D:1      | Became a worshipper of Sif Muna the Loreminder
   890 | D:1      | Reached * piety under Sif Muna
   932 | D:1      | Reached XP level 3. HP: 30/33 MP: 2/2
  1715 | D:3      | Reached ** piety under Sif Muna
  1719 | D:3      | Reached XP level 4. HP: 21/41 MP: 3/3
  1733 | D:3      | Found a glowing drain.
  1983 | D:3      | Found an opulent altar of Gozag.
  2356 | D:4      | Noticed Eustachio
  2410 | D:4      | Slain by Eustachio

Illustrated notes

Levels and vault maps discovered:
D:1:      dpeg_arrival_renting, layout_basic,
          chequers_ecumenical_altar_simple_redux
D:2:      layout_basic
D:3:      layout_basic, nicolae_gozag_seed_capital, portal_sewer_entry_b,
          kennysheep_generic_room_12
D:4:      lemuel_castle_with_subvaults [lemuel_castle_interior_carwin_2],
          layout_basic, cheibriados_altar_1, minmay_misc_feat_pillars,
          uniq_eustachio

Skill      XL: |  1  2  3  4 |
---------------+-------------+-----
Fighting       | 4 |  4.5
Armour         | 4 |  4.5
Axes           | 3 4 |  4.1
Shields        | 4 |  4.2

Action                   |  1- 3 |  4- 6 || total
-------------------------+-------+-------++-------
Melee: War axe           |    78 |    84 ||   162
       Headbutt          |    10 |     9 ||    19
  Use: Scroll            |     5 |       ||     5
Armor: Scale mail        |    61 |    45 ||   106
Dodge: Dodged            |    56 |    47 ||   103
Block: Buckler           |    32 |    23 ||    55
